 Dungeon Crawl Stone Soup version 0.24.0-13-gcf9b3192b9 (webtiles) character file.

Game seed: 5158028807649264809, levelgen mode: deterministic

130552 HASTUR3 the Transmogrifier (level 17, -3/132 HPs)
             Began as an Octopode Transmuter on Oct 23, 2019.
             Was the Champion of Cheibriados.
             Killed from afar by a merfolk aquamancer (24 damage)
             ... with a shard of ice
             ... on level 3 of the Shoals on Nov 8, 2019.
             The game lasted 02:28:52 (25511 turns).

HASTUR3 the Transmogrifier (Octopode Transmuter)   Turns: 25511, Time: 02:28:53

Health: -3/132     AC: 34    Str: 36    XL:     17   Next: 8%
Magic:  0/40       EV: 28    Int: 39    God:    Cheibriados [******]
Gold:   1950       SH:  0    Dex: 34    Spells: 6/36 levels left

rFire    . . .     SeeInvis .     - Unarmed
rCold    . . .     Gourm    .   (no shield)
rNeg     + . .     Faith    .   (helmet restricted)
rPois    ∞         Spirit   +   g - amulet of guardian spirit
rElec    +         Reflect  .   a - ring of magical power
rCorr    .         Harm     .   i - +4 ring of intelligence
MR       +....     Rnd*Tele +   C - ring of wizardry
Stlth    +++++++...             z - +3 ring of strength
HPRegen  1.72/turn              F - +5 ring of dexterity
MPRegen  0.27/turn              W - +5 ring of protection
                                E - ring of Temptation {*Tele Int+5 Slay+3}
                                H - +3 ring of strength

@: statue-form, singing, regenerating, very slow
A: almost no armour, stealthy swim, amphibious, 8 rings, constrict 8, camouflage
1, poison resistance, regeneration 1, robust 1
a: End Transformation, Bend Time, Temporal Distortion, Slouch, Step From Time,
Renounce Religion


You were on level 3 of the Shoals.
You worshipped Cheibriados.
Cheibriados was exalted by your worship.
You were hungry.
You were a stone statue.
You visited 4 branches of the dungeon, and saw 25 of its levels.
You also visited: Gauntlet.

You collected 1950 gold pieces.

Inventory:

Jewellery
 a - a ring of magical power (left tentacle)
 d - an uncursed amulet of regeneration
 g - an amulet of guardian spirit (around mantle)
 i - a +4 ring of intelligence (right tentacle)
 p - a +1 ring of slaying
 s - an uncursed ring of ice
 t - an uncursed ring of protection from fire
 z - a +3 ring of strength (on tentacle)
 C - a ring of wizardry (on tentacle)
 E - the ring of Temptation (on tentacle) {*Tele Int+5 Slay+3}
   (You found it in a Gauntlet)

   [ring of teleportation]

   It may teleport you next to monsters.
   It affects your intelligence (+5).
   It affects your accuracy and damage with ranged weapons and melee attacks
   (+3).
 F - a +5 ring of dexterity (on tentacle)
 H - a +3 ring of strength (on tentacle)
 L - an uncursed ring of flight
 W - a +5 ring of protection (on tentacle)
 Y - an uncursed ring of resist corrosion
Wands
 e - a wand of paralysis (10)
 o - a wand of scattershot (17)
 r - a wand of iceblast (36)
 v - a wand of acid (36)
 y - a wand of flame (71)
 I - a wand of clouds (9)
 K - a wand of disintegration (4)
Scrolls
 f - 8 scrolls of teleportation
 h - 7 scrolls of identify
 l - 4 scrolls of enchant armour
 m - 4 scrolls of fear
 n - 4 scrolls of amnesia
 q - 3 scrolls of remove curse
 B - 4 scrolls of enchant weapon
 J - a scroll of magic mapping
 O - 2 scrolls of immolation
 T - a scroll of torment
Potions
 j - 5 potions of curing
 k - a potion of magic
 u - 3 potions of flight
 x - 2 potions of might
 A - 2 potions of invisibility
 D - a potion of heal wounds
 M - a potion of ambrosia
 N - a potion of resistance
 P - 2 potions of brilliance
 U - 2 potions of agility
Miscellaneous
 G - a phantom mirror
 Q - a lamp of fire
Comestibles
 c - 59 rations


   Skills:
 - Level 1.0 Fighting
 + Level 12.6 Dodging
 + Level 13.1 Stealth
 + Level 12.6 Unarmed Combat
 - Level 10.0 Spellcasting
 - Level 4.0 Charms
 - Level 4.0 Necromancy
 - Level 13.9 Transmutations
 - Level 5.1 Ice Magic
 - Level 7.0 Earth Magic
 - Level 5.0 Poison Magic
 - Level 11.0 Invocations
 + Level 2.1 Evocations


You had 6 spell levels left.
You knew the following spells:

 Your Spells              Type           Power        Failure   Level  Hunger
a - Beastly Appendage     Tmut           ######       0%          1    None
b - Blade Hands           Tmut           #######...   1%          5    #......
c - Spider Form           Tmut/Pois      #######...   1%          3    None
d - Ice Form              Ice/Tmut       #######.     1%          4    None
e - Song of Slaying       Chrm           ######..     1%          2    None
f - Regeneration          Chrm/Necr      ######....   1%          3    None
g - Statue Form           Tmut/Erth      #######..    1%          6    ####...
h - Hydra Form            Tmut           #######...   1%          6    ####...

Your spell library contained the following spells:

 Spells                   Type           Power        Failure   Level  Hunger
 Sticks to Snakes         Tmut           #######.     0%          2    None
 Infusion                 Chrm           ####         1%          1    None
 Magic Dart               Conj           ###.         1%          1    None
 Blink                    Tloc           N/A          1%          2    None
 Call Imp                 Summ           ###.....     1%          2    None
 Corpse Rot               Necr           N/A          1%          2    None
 Searing Ray              Conj           ###...       1%          2    None
 Shroud of Golubria       Chrm/Tloc      #####.       1%          2    None
 Slow                     Hex            ###.....     1%          2    None
 Swiftness                Chrm/Air       #####...     1%          2    None
 Mephitic Cloud           Conj/Pois/Air  ####....     1%          3    None
 Spectral Weapon          Hex/Chrm       #####...     1%          3    None
 Stone Arrow              Conj/Erth      #####.       1%          3    None
 Leda's Liquefaction      Hex/Erth       #####.....   1%          4    None
 Irradiate                Conj/Tmut      ######....   1%          5    #......
 Conjure Flame            Conj/Fire      ###.....     2%          3    None
 Dazzling Spray           Conj/Hex       ###...       2%          3    None
 Gell's Gravitas          Tloc           ###.......   2%          3    None
 Lesser Beckoning         Tloc           ###.......   2%          3    None
 Teleport Other           Tloc           ###.....     2%          3    None
 Excruciating Wounds      Chrm/Necr      ######....   4%          5    #......
 Force Lance              Conj/Tloc      ###.....     8%          4    None
 Fulminant Prism          Conj/Hex       ###.......   8%          4    None
 Iskenderun's Mystic Bla  Conj           ###.....     8%          4    None
 Passage of Golubria      Tloc           N/A          8%          4    None
 Summon Forest            Summ/Tloc      ###.......   21%         5    #......
 Dragon Form              Tmut           #######...   2%          7    ######.
 Summon Hydra             Summ           ###.......   99%         7    ######.


Dungeon Overview and Level Annotations

Branches:
Dungeon (15/15)            Temple (1/1) D:6            Lair (6/6) D:10
 Shoals (3/4) Lair:2        Snake (0/4) Lair:4        Slime (0/5) Lair:6
    Orc (0/2) D:9          Vaults (0/5) D:13         Depths (0/5) D:15
Gauntlet (visited)

Altars:
Ashenzari
Cheibriados
Dithmenos
Elyvilon
Fedhas
Gozag
Hepliaklqana
Kikubaaqudgha
Makhleb
Nemelex Xobeh
Okawaru
Qazlal
Ru
Sif Muna
Trog
Uskayaw
Vehumet
Wu Jian
Xom
Yredelemnul
Zin
The Shining One
Jiyva

Shops:
D:7 =

Portals:
Trove: D:13 (give 17 potions of curing)


Innate Abilities, Weirdness & Mutations

You cannot wear most types of armour.
You are very stealthy in the water. (Stealth+)
You are amphibious.
You can wear up to eight rings at the same time.
You can use your tentacles to constrict eight enemies at once.
Your skin changes colour to match your surroundings (Stealth+).
((Your rubbery body absorbs attacks. (AC +1, EV +1)))
Your system is resistant to poisons. (rPois)
Your natural rate of healing is unusually fast.
You are robust. (+10% HP)


Message History

Cheibriados thoroughly appreciates the change of pace.
The water engulfing you falls away.
The snapping turtle completely misses you.
The faun barely misses you.
The merfolk aquamancer hits you but does no damage.
The snapping turtle completely misses you.
The merfolk siren hits you from afar with a +0 trident.
* * * LOW HITPOINT WARNING * * *
The water elemental hits you. The merfolk misses you.
The merfolk hits you but does no damage.
Unknown command.
You thrash the merfolk aquamancer!!!
You kill the merfolk aquamancer!
Cheibriados thoroughly appreciates the change of pace.
The merfolk impaler hits you from afar with a +1 trident of venom!
* * * LOW HITPOINT WARNING * * *
The snapping turtle misses you.
The merfolk aquamancer gestures at you while chanting.
The shard of ice hits you!!
You die...

≈≈≈PP≈PP≈...>....
≈≈≈≈≈P≈≈PP≈≈.≈.....#.
.≈≈≈≈≈.PPPP≈..≈......
..≈≈≈..PP≈≈≈≈....#.≈.
..≈...#..P≈≈≈.......≈
.≈≈...PPP≈.≈mmm.#..≈≈
..≈...P..≈≈...)t...≈≈
#......≈P≈≈..8.c#.
#..≈≈...≈≈≈.mE)m....≈
.≈≈≈≈≈≈...≈.t..m.#..≈
≈≈≈≈≈≈≈≈....≈.≈....≈≈
≈≈≈≈≈≈≈≈....######.#
≈≈≈≈≈≈....).# ..
≈.≈≈≈.##....#####. ≈
≈≈≈≈≈..##.........
.≈≈..≈....≈......≈


You could see a merfolk impaler, 2 merfolk aquamancers, 2 snapping turtles, 2
merfolk, a faun, a water elemental and a merfolk siren.

Vanquished Creatures
  Rupert (Lair:5)
  Nessos (Lair:6)
  The ghost of Xyoprad the Blocker, a journeyman FoFi of Ashenzari (D:13)
  2 minotaurs
  The ghost of skk the Blocker, a journeyman DDFi of the Shining One (Lair:1)
  The ghost of Panli the Archer, a journeyman CeAM of Okawaru (Lair:5)
  A merfolk javelineer (D:13)
  Snorg (D:12)
  A fire dragon (D:14)
  4 merfolk impalers
  A yaktaur captain (D:13)
  2 naga warriors (D:13)
  5 hydras
  A death knight (D:11)
  3 centaur warriors
  3 merfolk aquamancers
  A two-headed ogre (D:13)
  Erica (D:11)
  2 satyrs (Shoals:2)
  14 death yaks
  2 tengu warriors (D:15)
  A wretched star (Gauntlet)
  3 sea snakes (Shoals:2)
  2 unseen horrors
  14 harpies
  An orc knight (D:13)
  A phantasmal warrior (D:11)
  6 manticores
  5 cyclopes
  5 wolf spiders
  5 ugly things
  12 fauns
  A moth of wrath (Gauntlet)
  An oklob plant (Lair:6)
  7 merfolk sirens
  8 elephants
  A guardian serpent (Lair:6)
  15 black mambas
  2 centaur zombies
  Psyche (D:8)
  5 water nymphs
  16 spiny frogs
  3 yaktaurs
  9 komodo dragons
  3 freezing wraiths
  2 rime drakes
  15 merfolk
  4 hornets
  A tengu conjurer (D:15)
  5 harpy zombies (Shoals:1)
  A troll (D:13)
  13 polar bears
  2 wind drakes (Shoals:1)
  3 snapping turtles
  12 blink frogs
  Grinder (D:4)
  2 raiju (Lair:6)
  4 hippogriffs
  15 dream sheep
  Prince Ribbit (D:7)
  3 shadows
  The ghost of Ethylacetat the Digger, an amateur GrEE (D:4)
  72 yaks
  2 vampires
  5 redbacks
  13 wyverns
  6 wraiths
  9 water elementals
  3 hogs (D:9)
  A human (D:9)
  A neqoxec (Gauntlet)
  Eustachio (D:5)
  6 vampire mosquitoes (D:13)
  A steam dragon (D:8)
  4 wargs (Lair:6)
  An acid dragon (D:13)
  15 hell hounds (Lair:6)
  17 water moccasins
  Duvessa (D:5)
  4 porcupines
  8 ice beasts
  15 orc warriors
  5 sky beasts
  2 necrophages
  10 ogres
  14 black bears
  27 wolves
  2 phantoms
  13 centaurs
  9 crocodiles
  A big kobold (D:11)
  Blork the orc (D:5)
  14 bullfrogs
  A wyvern zombie (D:12)
  2 elf zombies
  2 small abominations (Gauntlet)
  3 elf skeletons (D:6)
  Dowan (D:5)
  A wyvern skeleton (D:13)
  3 scorpions
  8 killer bees
  8 wights
  4 howler monkeys
  A bullfrog zombie (D:12)
  6 crimson imps
  4 human zombies
  7 hounds
  6 jellies
  Crazy Yiuf (D:5)
  3 centaur skeletons
  10 orc priests
  5 human skeletons
  3 bullfrog skeletons
  Jessica (D:2)
  6 iguanas
  14 orc wizards
  15 worker ants
  Ijyb (D:5)
  A killer bee zombie (D:6)
  An ogre zombie (D:9)
  A hound zombie (D:8)
  A hound skeleton (D:4)
  2 mummies (D:9)
  A worker ant zombie (D:5)
  8 adders
  5 shadow imps
  An ooze (D:6)
  3 adder zombies
  2 adder skeletons
  4 worms
  2 dart slugs
  6 leopard geckos
  59 orcs
  A bat zombie (Shoals:1)
  5 giant cockroaches
  15 goblins
  9 hobgoblins
  11 jackals
  15 kobolds
  2 quokkas
  6 bats
  2 frilled lizards (D:2)
  A leopard gecko skeleton (D:8)
  2 orc skeletons (D:6)
  An orc zombie (D:6)
  4 rats
  3 bushes (Lair:6)
  3 fungi (Lair:6)
  5 plants
842 creatures vanquished.

Vanquished Creatures (others)
  A merfolk aquamancer (Shoals:3)
  A water elemental (Shoals:1)
  3 orcs
  A bush (Lair:5)
  8 fungi
  11 plants
25 creatures vanquished.

Grand Total: 867 creatures vanquished

Notes
Turn   | Place    | Note
-------+----------+-------------------------------------------
     0 | D:1      | HASTUR3 the Octopode Transmuter began the quest for the
                  | Orb.
     0 | D:1      | Reached XP level 1. HP: 13/13 MP: 3/3
     4 | D:1      | Noticed an electric eel
   222 | D:1      | Reached XP level 2. HP: 14/18 MP: 3/5
  1214 | D:2      | Reached XP level 3. HP: 22/23 MP: 4/6
  1433 | D:2      | Reached XP level 4. HP: 28/28 MP: 7/7
  1442 | D:2      | Found a burning altar of Makhleb.
  1561 | D:2      | Reached skill level 5 in Unarmed Combat
  1634 | D:2      | Noticed Jessica
  1640 | D:2      | Killed Jessica
  1768 | D:2      | Found a sacrificial altar of Ru.
  1775 | D:2      | Found a snail-covered altar of Cheibriados.
  1779 | D:2      | Became a worshipper of Cheibriados the Contemplative
  1847 | D:2      | Reached XP level 5. HP: 33/33 MP: 8/8
  2812 | D:3      | Noticed an ogre
  2823 | D:3      | Killed an ogre
  2823 | D:3      | Reached * piety under Cheibriados
  2823 | D:3      | Reached XP level 6. HP: 15/38 MP: 4/9
  3376 | D:4      | Noticed Grinder
  3459 | D:4      | Paralysed by Grinder for 3 turns
  3463 | D:4      | Killed Grinder
  3463 | D:4      | Reached XP level 7. HP: 15/43 MP: 3/10
  3781 | D:4      | Found a runed translucent door.
  3878 | D:4      | Found a shattered altar of Ashenzari.
  3906 | D:4      | Found a sparkling altar of Nemelex Xobeh.
  4373 | D:4      | Found a white marble altar of Elyvilon.
  4875 | D:4      | Noticed Ethylacetat's ghost (amateur GrEE)
  4884 | D:4      | Learned a level 5 spell: Blade Hands
  4889 | D:4      | Killed Ethylacetat's ghost
  4889 | D:4      | Reached skill level 5 in Dodging
  4889 | D:4      | Reached skill level 5 in Transmutations
  4947 | D:5      | Entered Level 5 of the Dungeon
  5055 | D:5      | Reached XP level 8. HP: 39/48 MP: 9/11
  5331 | D:5      | Reached ** piety under Cheibriados
  5337 | D:5      | Noticed Duvessa
  5342 | D:5      | Noticed Dowan
  5347 | D:5      | Killed Duvessa
  5348 | D:5      | Noticed Ijyb
  5353 | D:5      | Killed Ijyb
  5446 | D:5      | Noticed Eustachio
  5456 | D:5      | Killed Eustachio
  5630 | D:5      | Killed Dowan
  5644 | D:5      | Reached XP level 9. HP: 44/53 MP: 6/12
  5644 | D:5      | Noticed Blork the orc
  5696 | D:5      | Found an iron altar of Okawaru.
  5882 | D:5      | Killed Blork the orc
  5976 | D:5      | Found a runed translucent door.
  5977 | D:5      | Noticed Crazy Yiuf
  5985 | D:5      | Killed Crazy Yiuf
  6629 | D:6      | Learned a level 3 spell: Spider Form
  6661 | D:6      | Found a staircase to the Ecumenical Temple.
  6732 | D:6      | Reached skill level 1 in Poison Magic
  6746 | D:6      | Reached *** piety under Cheibriados
  7088 | D:6      | Found a shimmering blue altar of Sif Muna.
  7680 | Temple   | Entered the Ecumenical Temple
  7895 | D:7      | Found a hide-covered altar of Uskayaw.
  7895 | D:7      | Noticed Prince Ribbit
  7914 | D:7      | Killed Prince Ribbit
  7914 | D:7      | Reached XP level 10. HP: 22/58 MP: 5/14
  7981 | D:7      | Learned a level 4 spell: Ice Form
  8024 | D:7      | Found Cioxt's Jewellery Shoppe.
  8041 | D:7      | Reached skill level 1 in Ice Magic
  8275 | D:7      | Found an ancient bone altar of Kikubaaqudgha.
  8276 | D:7      | Found a blossoming altar of Fedhas.
  8322 | D:7      | Reached **** piety under Cheibriados
  8826 | D:8      | Found an opulent altar of Gozag.
  9317 | D:8      | Noticed Psyche
  9356 | D:8      | Reached ***** piety under Cheibriados
  9429 | D:8      | Killed Psyche
 10124 | D:9      | Reached skill level 10 in Transmutations
 10280 | D:9      | Reached XP level 11. HP: 29/63 MP: 17/17
 10935 | D:9      | Found a basalt altar of Yredelemnul.
 11189 | D:9      | Reached skill level 5 in Stealth
 11243 | D:9      | Found a staircase to the Orcish Mines.
 11434 | D:9      | Reached ****** piety under Cheibriados
 11505 | D:9      | Learned a level 2 spell: Song of Slaying
 11509 | D:9      | Learned a level 3 spell: Regeneration
 11520 | D:10     | Entered Level 10 of the Dungeon
 11671 | D:10     | Found a staircase to the Lair.
 11968 | D:10     | Reached skill level 10 in Dodging
 12004 | D:10     | Reached skill level 10 in Unarmed Combat
 12156 | D:10     | Reached skill level 1 in Charms
 12166 | D:10     | Reached skill level 1 in Necromancy
 12182 | D:10     | Paralysed by a hornet for 3 turns
 12610 | D:10     | Reached XP level 12. HP: 68/68 MP: 18/18
 12670 | D:11     | Noticed Erica
 12690 | D:11     | Killed Erica
 12744 | D:11     | Reached skill level 5 in Poison Magic
 12896 | D:11     | Reached skill level 5 in Ice Magic
 13033 | D:11     | Found a burning altar of Makhleb.
 13150 | D:11     | Found a hide-covered altar of Uskayaw.
 13494 | D:11     | Noticed a death knight
 13518 | D:11     | Killed a death knight
 13820 | D:11     | Upgraded the game from 0.24-b1-30-g840c9efd86 to
                  | 0.24.0-1-gfbc8707122
 13919 | D:12     | Found a gate leading to a gauntlet.
 13929 | Gauntlet | Entered a Gauntlet
 13929 | Gauntlet | Found a transporter.
 13932 | Gauntlet | Found a transporter.
 13933 | Gauntlet | Noticed a dire elephant
 13935 | Gauntlet | Found a transporter.
 13938 | Gauntlet | Found a transporter.
 13939 | Gauntlet | Found a transporter.
 13940 | Gauntlet | Found a transporter.
 13948 | Gauntlet | Noticed an entropy weaver
 13953 | Gauntlet | Found a transporter.
 13954 | Gauntlet | Found a transporter.
 14014 | Gauntlet | Found a runed translucent door.
 14015 | Gauntlet | Found a transporter.
 14016 | Gauntlet | Found a transporter.
 14020 | Gauntlet | Found a transporter.
 14028 | Gauntlet | Found a runed translucent door.
 14030 | Gauntlet | Found a transporter.
 14031 | Gauntlet | Noticed a wretched star
 14091 | Gauntlet | Reached skill level 1 in Invocations
 14104 | Gauntlet | Got a translucent bone ring
 14133 | Gauntlet | Killed a wretched star
 14273 | Gauntlet | Noticed a minotaur
 14291 | Gauntlet | Killed a minotaur
 14299 | Gauntlet | Identified the ring of Temptation {*Tele Int+5 Slay+3} (You
                  | found it in a Gauntlet)
 14411 | Gauntlet | Identified Zosonits's Guide on Self-Improvement
 14413 | Gauntlet | Got a translucent shield
 14415 | Gauntlet | Identified the cursed +0 shield of Blue Skies {MR+ Regen+}
                  | (You found it in a Gauntlet)
 14550 | D:12     | Reached skill level 5 in Invocations
 14567 | D:12     | Reached skill level 10 in Stealth
 14655 | D:12     | Noticed Snorg
 14655 | D:12     | Upgraded the game from 0.24.0-1-gfbc8707122 to
                  | 0.24.0-10-g970556be89
 14662 | D:12     | Killed Snorg
 14688 | D:12     | Reached XP level 13. HP: 63/72 MP: 19/19
 14810 | D:12     | Reached skill level 5 in Spellcasting
 15025 | D:12     | Gained mutation: You are covered in fur. (AC +1) [potion of
                  | mutation]
 15025 | D:12     | Gained mutation: You are partially covered in thin metallic
                  | scales. (AC +2) [potion of mutation]
 15025 | D:12     | Gained mutation: You are partially covered in rugged brown
                  | scales. (AC +1, +3% HP) [potion of mutation]
 15026 | D:12     | Lost mutation: You are partially covered in rugged brown
                  | scales. (AC +1, +3% HP) [potion of mutation]
 15026 | D:12     | Gained mutation: Scrolls take you a little longer to read.
                  | [potion of mutation]
 15026 | D:12     | Lost mutation: Scrolls take you a little longer to read.
                  | [potion of mutation]
 15026 | D:12     | Gained mutation: One of your tentacles bears a spike.
                  | [potion of mutation]
 15027 | D:12     | Lost mutation: You are covered in fur. (AC +1) [potion of
                  | mutation]
 15027 | D:12     | Lost mutation: One of your tentacles bears a spike. [potion
                  | of mutation]
 15027 | D:12     | Gained mutation: You are frail. (-10% HP) [potion of
                  | mutation]
 15027 | D:12     | Gained mutation: You have supernaturally acute eyesight.
                  | (SInv) [potion of mutation]
 15378 | D:13     | Found a runed translucent gate.
 15378 | D:13     | Found a runed translucent gate.
 15378 | D:13     | Found a runed translucent gate.
 15378 | D:13     | Found an iron altar of Okawaru.
 15378 | D:13     | Noticed Xyoprad's ghost (journeyman FoFi)
 15378 | D:13     | Noticed a merfolk javelineer
 15379 | D:13     | Found the cursed +13 scythe of Curses {drain, *Curse}
 15483 | D:13     | Found a portal to a secret trove of treasure.
 16040 | D:13     | Found a gate to the Vaults.
 16046 | D:13     | Noticed a yaktaur captain
 16050 | D:13     | Killed a yaktaur captain
 16057 | D:13     | HP: 3/64 [yaktaur/bolt (25)]
 16718 | D:13     | Learned a level 6 spell: Statue Form
 16756 | D:14     | Reached skill level 1 in Earth Magic
 16848 | D:14     | Noticed a fire dragon
 16853 | D:14     | Killed a fire dragon
 16985 | D:14     | Found a white marble altar of Elyvilon.
 17354 | D:13     | Killed Xyoprad's ghost
 17355 | D:13     | Reached skill level 5 in Earth Magic
 17359 | D:13     | Killed a merfolk javelineer
 17359 | D:13     | Reached XP level 14. HP: 14/71 MP: 13/24
 17590 | D:13     | Upgraded the game from 0.24.0-10-g970556be89 to
                  | 0.24.0-13-gcf9b3192b9
 17591 | D:13     | Identified a scroll of acquirement
 17636 | D:15     | Entered Level 15 of the Dungeon
 18185 | D:15     | Found a staircase to the Depths.
 18185 | D:15     | Noticed a frost giant
 18416 | Lair:1   | Entered Level 1 of the Lair of Beasts
 18685 | Lair:1   | Found a runed translucent gate.
 18685 | Lair:1   | Found a runed translucent gate.
 18685 | Lair:1   | Found a runed translucent gate.
 18853 | Lair:1   | Noticed skk's ghost (journeyman DDFi)
 19261 | Lair:1   | Killed skk's ghost
 19518 | Lair:2   | Found a staircase to the Shoals.
 20836 | Lair:4   | Reached XP level 15. HP: 64/74 MP: 25/25
 21041 | Lair:4   | Found a staircase to the Snake Pit.
 21515 | Lair:5   | Noticed Rupert
 21548 | Lair:5   | Reached skill level 10 in Invocations
 21577 | Lair:5   | Killed Rupert
 21726 | Lair:5   | Found a large runed translucent door.
 21726 | Lair:5   | Found a large runed translucent door.
 21732 | Lair:5   | Noticed Panli's ghost (journeyman CeAM)
 22144 | Lair:5   | Killed Panli's ghost
 22192 | Lair:6   | Entered Level 6 of the Lair of Beasts
 22290 | Lair:6   | Noticed Nessos
 22291 | Lair:6   | Killed Nessos
 22304 | Lair:6   | Found a viscous altar of Jiyva.
 22304 | Lair:6   | Found a staircase to the Slime Pits.
 22561 | Lair:6   | Reached XP level 16. HP: 80/80 MP: 26/26
 23474 | Lair:5   | Learned a level 6 spell: Hydra Form
 23510 | Shoals:1 | Entered Level 1 of the Shoals
 24898 | Shoals:2 | Reached skill level 10 in Spellcasting
 24938 | Shoals:2 | Reached skill level 1 in Evocations
 24943 | Shoals:2 | Reached XP level 17. HP: 53/83 MP: 22/31
 24990 | Shoals:2 | Lost mutation: You are frail. (-10% HP) [potion of
                  | mutation]
 24990 | Shoals:2 | Lost mutation: You have supernaturally acute eyesight.
                  | (SInv) [potion of mutation]
 24990 | Shoals:2 | Lost mutation: You are partially covered in thin metallic
                  | scales. (AC +2) [potion of mutation]
 24990 | Shoals:2 | Gained mutation: Your body sometimes deteriorates upon
                  | taking damage. [potion of mutation]
 24990 | Shoals:2 | Gained mutation: Your natural rate of healing is unusually
                  | fast. [potion of mutation]
 24992 | Shoals:2 | Lost mutation: Your body sometimes deteriorates upon taking
                  | damage. [potion of mutation]
 24992 | Shoals:2 | Gained mutation: Your system is resistant to poisons.
                  | (rPois) [potion of mutation]
 24992 | Shoals:2 | Gained mutation: You are robust. (+10% HP) [potion of
                  | mutation]
 25511 | Shoals:3 | Killed from afar by a merfolk aquamancer

Levels and vault maps discovered:
D:1:      arrival_aquarium_a, layout_basic
D:2:      layout_basic, makhleb_grotto_becter, amethyst_overflow_temple_binary,
          uniq_jessica
D:3:      layout_loops_corners, minmay_ogre_servants
D:4:      layout_layer_cave, marbit_many_paths, nicolae_overflow_crystal_walls,
          lemuel_crystal_altar, ebering_ghost_reflecting_pool,
          dk_noncrumbling_4, uniq_grinder
D:5:      layout_cave_pools, first_ration, kennysheep_okawaru_gauntlet,
          uniq_duvessa, uniq_blork_the_orc, uniq_eustachio, uniq_ijyb,
          uniq_crazy_yiuf_cottage
D:6:      layout_rooms, tgw_sif, minmay_temple_entry_slanted,
          nicolae_ossuary_entry_catacombs
D:7:      layout_basic, grunt_temple_overflow_growth_and_decay,
          eat_drink_and_be_merry_uskayaw, serial_shops, nicolae_shop_crystal,
          minmay_fountain_box, uniq_prince_ribbit1
D:8:      layout_layer_cave, overflow_temple_1_default, uniq_psyche
D:9:      argonaut_augean_stables, layout_long_grid,
          lemuel_mausoleum_altar_yredelemnul, david_orc_4, grunt_livestock
D:10:     layout_basic, david_lair_shrubbed
D:11:     layout_irregular_city, hangedman_feature_mirror, uniq_erica
D:12:     layout_small_grid, gauntlet_entry_generic, uniq_snorg
D:13:     layout_roguey [special_room_orc], david_vaults_2,
          nicolae_trove_entry_crystal, gammafunk_ghost_fury_of_okawaru,
          kennysheep_generic_room_13
D:14:     minmay_wavy_crystal, layout_loops_cross, elyvilon_altar_5
D:15:     grunt_enter_depths_snipers, layout_basic, serial_park_gazebo
          [serial_park_minivault_5x5_4], doesnt_xom_only_xom
Temple:   jpeg_temple_alley_garden
Lair:1:   layout_chaotic_city, maelrawn_ghost_gauntlet_escape,
          serial_bayou_pond_c
Lair:2:   layout_misc_corridors, shoals_dummy_entry, lemuel_fruit_fields
Lair:3:   layout_regular_city
Lair:4:   layout_regular_city, dummy_snake_entry, lemuel_fruit_tree
Lair:5:   layout_roguey, ebering_ghost_disaster_area, st_stairs_12, uniq_rupert
Lair:6:   hangedman_lair_caniforms_friends, layout_hall_layers,
          hangedman_lair_tendril_chambers, slime_altar_1,
          minmay_lair_oklob_bushes, serial_bayou_crossing, uniq_nessos
Shoals:1: layout_shoals, nicolae_shoals_undead_eyrie
Shoals:2: layout_shoals
Shoals:3: layout_shoals, nicolae_shoals_water_shrine

Skill      XL: |  1  2  3  4  5  6  7  8  9 10 11 12 13 14 15 16 17 |
---------------+----------------------------------------------------+-----
Unarmed Combat | 4 5 6 7 8 10 11 12 | 12.6
Dodging        | 3 4 5 6 7 8 10 11 12 | 12.6
Transmutations | 3 4 5 7 9 10 11 12 13 | 13.9
Poison Magic   | 4 5 |  5.0
Stealth        | 3 6 10 12 13 | 13.1
Spellcasting   | 4 6 10 | 10.0
Ice Magic      | 4 5 |  5.1
Charms         | 1 4 |  4.0
Necromancy     | 1 4 |  4.0
Invocations    | 5 7 9 10 11 | 11.0
Earth Magic    | 5 7 |  7.0
Evocations     | 1 2 |  2.1
Fighting       | |  1.0

Action                   |  1- 3 |  4- 6 |  7- 9 | 10-12 | 13-15 | 16-18 || total
-------------------------+-------+-------+-------+-------+-------+-------++-------
Melee: Unarmed           |    55 |   121 |   238 |   509 |   683 |   320 ||  1926
       Constrict         |    13 |    28 |    44 |    63 |    85 |    81 ||   314
       Tentacles         |     3 |    20 |    83 |   161 |   181 |    86 ||   534
       Punch             |       |     4 |    21 |    53 |    93 |    39 ||   210
       Kick              |       |     7 |     6 |       |       |       ||    13
Throw: Boomerang         |       |       |    24 |       |       |       ||    24
 Cast: Beastly Appendage |       |     7 |     5 |       |       |       ||    12
       Blade Hands       |       |       |     6 |    16 |     3 |       ||    25
       Spider Form       |       |       |       |     7 |     1 |       ||     8
       Ice Form          |       |       |       |     1 |    12 |     1 ||    14
       Song of Slaying   |       |       |       |     3 |    12 |     7 ||    22
       Statue Form       |       |       |       |       |    20 |    20 ||    40
       Regeneration      |       |       |       |       |     8 |     2 ||    10
       Hydra Form        |       |       |       |       |       |     1 ||     1
Invok: Slouch            |       |       |       |       |     2 |       ||     2
  Use: Scroll            |     3 |     2 |     2 |    12 |    10 |     7 ||    36
       Potion            |       |     5 |     3 |     5 |     9 |     5 ||    27
 Stab: Sleeping          |     1 |     3 |     4 |    24 |    30 |     9 ||    71
       Invisible         |       |       |       |     5 |     1 |       ||     6
       Distracted        |       |       |       |     3 |     2 |       ||     5
  Eat: Chunk             |     1 |     7 |     7 |    14 |    19 |     6 ||    54
       Ration            |       |       |       |     1 |     1 |       ||     2
Armor: Skin              |     3 |     8 |     5 |     3 |   235 |   253 ||   507
Dodge: Dodged            |    25 |    60 |   160 |   381 |  1088 |  1048 ||  2762
Block: Shield            |       |       |       |     5 |       |       ||     5
